 Dungeon Crawl Stone Soup version 0.31-a0-188-g5e087ee2ca (webtiles) character file.

Game seed: 3640198495100300952

1268 qw the Skirmisher (level 8, -1/46 HPs)
             Began as a Deep Elf Hunter on June 23, 2023.
             Was an Initiate of Okawaru.
             Slain by Duvessa
             ... wielding a +0 rapier
              (4 damage)
             ... on level 6 of the Dungeon.
             The game lasted 00:02:05 (5155 turns).

qw the Skirmisher (Deep Elf Hunter)                 Turns: 5155, Time: 00:02:05

Health: -1/46      AC:  8    Str: 10    XL:     8   Next: 28%
Magic:  11/11      EV: 15    Int: 15    God:    Okawaru [......]
Gold:   305        SH:  0    Dex: 18    Spells: 7/7 levels left

rFire   . . .        Y - +0 shortbow
rCold   + . .        (shield currently unavailable)
rNeg    . . .        g - +2 scale mail {rC+}
rPois   .            (no helmet)
rElec   .            c - scarf {repulsion}
rCorr   .            (no gloves)
SInv    +            (no boots)
Will    .....        (no amulet)
Stlth   +            d - ring of see invisible
HPRegen 0.27/turn    j - +5 ring of evasion
MPRegen 0.12/turn

%: repel missiles
@: no status effects
A: no striking features
a: Renounce Religion


You were on level 6 of the Dungeon.
You worshipped Okawaru.
Okawaru was noncommittal.
You visited 2 branches of the dungeon, and saw 7 of its levels.

You collected 305 gold pieces.


   Skills:
 - Level 3.0 Fighting
 + Level 12.2 Ranged Weapons
 - Level 1.9 Armour
 - Level 3.7 Dodging
 - Level 1.2 Stealth
 - Level 1.9 Invocations


You had 7 spell levels left.
You didn't know any spells.
Your spell library was empty.

Inventory:

Hand Weapons
 Y - a +0 shortbow (weapon)
Armour
 b - a +0 cloak
 c - a scarf of repulsion (worn)
 g - a +2 scale mail of cold resistance (worn)
Jewellery
 d - a ring of see invisible (left hand)
 j - a +5 ring of evasion (right hand)
 l - a ring of resist corrosion
Scrolls
 a - 4 scrolls of identify
Potions
 e - a potion of might
 h - a potion of enlightenment
 i - a potion of haste
 k - 2 potions of curing

Dungeon Overview and Level Annotations

Branches:
Dungeon (6/15)             Temple (1/1) D:4

Altars:
Ashenzari
Elyvilon
Gozag
Hepliaklqana
Makhleb
Nemelex Xobeh
Okawaru
Qazlal
Ru
Sif Muna
Trog
Uskayaw
Vehumet
Wu Jian
Xom
Yredelemnul
Zin
The Shining One

Annotations:
D:1 2 runed translucent doors
D:6 Dowan, Duvessa


Message History

Duvessa hits you with a +0 rapier.
You shoot an arrow.
The arrow hits Duvessa but does no damage.
Duvessa is moderately wounded.
Duvessa completely misses you.
You shoot an arrow.
The arrow hits Duvessa but does no damage.
Duvessa is moderately wounded.
Duvessa completely misses you.
You shoot an arrow.
The arrow hits Duvessa but does no damage.
Duvessa is moderately wounded.
Duvessa hits you with a +0 rapier!
You shoot an arrow.
The arrow hits Duvessa but does no damage.
Duvessa is moderately wounded.
Duvessa barely misses you.
You shoot an arrow.
The arrow hits Duvessa but does no damage.
Duvessa is moderately wounded.
Duvessa barely misses you. x2
You shoot an arrow.
The arrow hits Duvessa but does no damage.
Duvessa is moderately wounded.
Duvessa hits you with a +0 rapier!
You shoot an arrow. The arrow completely misses Duvessa.
Duvessa hits you with a +0 rapier.
You shoot an arrow. The arrow hits Duvessa.
Duvessa is moderately wounded.
Duvessa completely misses you.
You shoot an arrow.
The arrow hits Duvessa but does no damage.
Duvessa is moderately wounded.
Duvessa barely misses you.
Dowan casts a spell.
Dowan blinks!
You shoot an arrow. The arrow hits Duvessa.
Duvessa is heavily wounded.
Duvessa hits you with a +0 rapier.
You die...

.# #.#.#.#.#. .#.#
#.#.#.#)#.# #.#.#
#.#.#.#.#.#. .#.#.#
#.#.#.#.#.#.# #.#'#.#.#
#.#.#.#.#.#.#.
.......#.#.#.#.#.#.#.#.#
#.....#.#.#.#.#.#.#.#.#.
......e#.#.....#.#.#.#)#
#@#.....#.#'#'#.#.
###...............
#...............
#<..............
##..............
#####..........
#.......... #..........
##########.


You could see Duvessa.

Vanquished Creatures
  Grinder (D:5)
  Menkaure (D:5)
  2 ice beasts (D:5)
  A black bear (D:4)
  An ogre (D:5)
  A gnoll sergeant (D:6)
  2 howler monkeys (D:6)
  A jelly (D:5)
  A gnoll bouda (D:6)
  3 iguanas (D:5)
  Terence (D:2)
  Natasha (D:2)
  9 gnolls
  7 adders
  2 ufetubi
  3 worms
  A dart slug (D:3)
  6 orcs
  12 ball pythons
  3 endoplasms
  3 giant cockroaches
  7 goblins
  10 hobgoblins
  8 jackals
  3 quokkas
  5 bats
  2 frilled lizards
  7 kobolds
  8 rats
112 creatures vanquished.

Notes
Turn   | Place    | Note
-------+----------+-------------------------------------------
     0 | D:1      | qw the Deep Elf Hunter began the quest for the Orb.
     0 | D:1      | Reached XP level 1. HP: 12/12 MP: 3/3
     0 | D:1      | 0 ||| qw: Version: 0.3-a-9-g12657ce
     0 | D:1      | 0 ||| qw: Game counter: 3572
     0 | D:1      | 0 ||| qw: Always use a shield: true
     0 | D:1      | 0 ||| qw: God list: Okawaru
     0 | D:1      | 0 ||| qw: Allow faded altars: false
     0 | D:1      | 0 ||| qw: Do Orc after D:15 true
     0 | D:1      | 0 ||| qw: Do second Lair branch before Depths: true
     0 | D:1      | 0 ||| qw: Lair rune preference: random
     0 | D:1      | 0 ||| qw: Plans: Normal
     0 | D:1      | 0 ||| PLANNING D:1-11
    34 | D:1      | Found a large runed translucent door.
    34 | D:1      | Found a large runed translucent door.
    36 | D:1      | 36 ||| Stepping ~*~*~tactically~*~*~ (outnumbered).
   122 | D:1      | Reached XP level 2. HP: 16/16 MP: 4/4
   135 | D:1      | Reached skill level 6 in Ranged Weapons
   569 | D:1      | Found a faded altar of an unknown god.
   574 | D:1      | Reached XP level 3. HP: 20/20 MP: 5/5
   955 | D:1      | 955 ||| UPGRADING to ring of see invisible.
   956 | D:1      | 956 ||| READING scroll labelled WEUXOUGIKK.
   957 | D:1      | 957 ||| READING scroll labelled FOYTUG FUHUJAUGY.
   958 | D:1      | 958 ||| READING scroll labelled JOSOAH NONK.
   959 | D:1      | 959 ||| DRINKING 2 fuming golden potions.
   960 | D:1      | 960 ||| DROPPING scroll of butterflies.
  1290 | D:2      | Reached skill level 7 in Ranged Weapons
  1525 | D:2      | Noticed Natasha
  1529 | D:2      | Reached XP level 4. HP: 21/25 MP: 6/6
  1529 | D:2      | 1529 ||| FLEEEEING.
  1530 | D:2      | 1530 ||| FLEEEEING.
  1531 | D:2      | 1531 ||| FLEEEEING.
  1532 | D:2      | 1532 ||| FLEEEEING.
  1534 | D:2      | 1534 ||| FLEEEEING.
  1535 | D:2      | 1535 ||| FLEEEEING.
  1544 | D:2      | Killed Natasha
  1579 | D:2      | Noticed Terence
  1591 | D:2      | Killed Terence
  1592 | D:2      | Reached skill level 8 in Ranged Weapons
  1872 | D:2      | 1872 ||| UPGRADING to +0 cloak.
  1877 | D:2      | 1877 ||| UPGRADING to +2 scale mail of cold resistance.
  1887 | D:2      | 1887 ||| DROPPING +0 leather armour.
  1888 | D:2      | 1888 ||| DRINKING 2 fuming sapphire potions.
  1889 | D:2      | 1889 ||| READING 3 scrolls of identify.
  1889 | D:2      | 1889 ||| IDENTIFYING brown potion
  1890 | D:2      | 1890 ||| READING 2 scrolls of identify.
  1890 | D:2      | 1890 ||| IDENTIFYING viscous ruby potion
  1964 | D:3      | Reached XP level 5. HP: 29/29 MP: 7/7
  2027 | D:3      | Found a broken altar of Ashenzari.
  2060 | D:3      | HP: 7/29 [gnoll/+0 spear (3)]
  2061 | D:3      | 2061 ||| DRINKING potion of heal wounds.
  2249 | D:3      | Found a sacrificial altar of Ru.
  2379 | D:3      | 2379 ||| UPGRADING to scarf of repulsion.
  2389 | D:3      | 2389 ||| UPGRADING to +5 ring of evasion.
  2390 | D:3      | 2390 ||| DRINKING 2 green potions.
  2391 | D:3      | 2391 ||| DROPPING potion of brilliance.
  2403 | D:4      | Reached skill level 9 in Ranged Weapons
  2542 | D:4      | Found a glowing golden altar of the Shining One.
  2647 | D:4      | Found a white marble altar of Elyvilon.
  2815 | D:4      | Noticed a black bear
  2825 | D:4      | HP: 6/30 [black bear (3)]
  2826 | D:4      | 2826 ||| DRINKING potion of heal wounds.
  2828 | D:4      | Killed a black bear
  2829 | D:4      | Reached skill level 1 in Armour
  2829 | D:4      | Reached XP level 6. HP: 24/35 MP: 8/8
  3067 | D:4      | Found a staircase to the Ecumenical Temple.
  3068 | D:4      | 3068 ||| PLANNING TEMPLE
  3068 | D:4      | 3068 ||| READING scroll labelled RELUGHUVVUMM.
  3069 | D:4      | 3069 ||| READING 2 scrolls of identify.
  3069 | D:4      | 3069 ||| IDENTIFYING sedimented pink potion
  3075 | Temple   | Entered the Ecumenical Temple
  3180 | Temple   | 3180 ||| PLANNING D:1-11
  3283 | D:4      | 3283 ||| READING 2 scrolls of identify.
  3283 | D:4      | 3283 ||| IDENTIFYING ruby potion
  3284 | D:4      | 3284 ||| DROPPING potion of lignification.
  3321 | D:5      | Entered Level 5 of the Dungeon
  3398 | D:5      | Found an iron altar of Okawaru.
  3399 | D:5      | 3399 ||| PLANNING OKAWARU WORSHIP
  3399 | D:5      | 3399 ||| READING scroll labelled TAMNOBL RAYMA.
  3400 | D:5      | 3400 ||| READING scroll labelled LOT BISHRAZ.
  3401 | D:5      | Noticed an ice beast
  3403 | D:5      | Became a worshipper of Warmaster Okawaru
  3404 | D:5      | 3404 ||| PLANNING D:1-11
  3441 | D:5      | Killed an ice beast
  3704 | D:5      | Noticed Menkaure
  3709 | D:5      | Killed Menkaure
  3709 | D:5      | Reached * piety under Okawaru
  3710 | D:5      | Reached skill level 10 in Ranged Weapons
  3710 | D:5      | Reached XP level 7. HP: 40/40 MP: 9/9
  3710 | D:5      | 3710 ||| INVOKING Heroism.
  3711 | D:5      | 3711 ||| INVOKING Heroism.
  3722 | D:5      | 3722 ||| INVOKING Heroism.
  3799 | D:5      | Reached skill level 11 in Ranged Weapons
  3869 | D:5      | Reached skill level 3 in Dodging
  3907 | D:5      | Noticed Grinder
  3922 | D:5      | HP: 10/40 [Grinder (6)]
  3924 | D:5      | Killed Grinder
  4264 | D:5      | 4264 ||| INVOKING Heroism.
  4268 | D:5      | Reached skill level 12 in Ranged Weapons
  4268 | D:5      | Reached XP level 8. HP: 44/44 MP: 7/10
  4320 | D:5      | 4320 ||| DROPPING +6 ring of intelligence.
  4321 | D:5      | 4321 ||| READING 3 scrolls labelled UFAARGH MUSAWUGU.
  4322 | D:5      | 4322 ||| DROPPING 2 scrolls of revelation.
  4370 | D:6      | 4370 ||| STAIRDANCE
  4378 | D:5      | 4378 ||| INVOKING Heroism.
  4379 | D:5      | 4379 ||| INVOKING Heroism.
  4381 | D:5      | Reached skill level 1 in Invocations
  4441 | D:6      | 4441 ||| FLEEEEING.
  4442 | D:6      | 4442 ||| STAIRDANCE
  4488 | D:6      | 4488 ||| INVOKING Heroism.
  4529 | D:6      | 4529 ||| FLEEEEING.
  4531 | D:6      | 4531 ||| STAIRDANCE
  4647 | D:6      | Reached skill level 3 in Fighting
  4959 | D:6      | 4959 ||| Stepping ~*~*~tactically~*~*~ (outnumbered).
  4961 | D:6      | 4961 ||| Stepping ~*~*~tactically~*~*~ (outnumbered).
  5062 | D:6      | Found a bloodstained altar of Trog.
  5127 | D:6      | Noticed Dowan
  5129 | D:6      | Noticed Duvessa
  5151 | D:6      | HP: 7/46 [Duvessa/+0 rapier (10)]
  5152 | D:6      | HP: 2/46 [Duvessa/+0 rapier (5)]
  5155 | D:6      | Slain by Duvessa

Levels and vault maps discovered:
D:1:      erik_arrival_cave_to_civilisation [erik_arrival_cave_to_temple],
          layout_basic, nicolae_ecumenical_snake_handling, serial_bayou_crossing
D:2:      layout_loops_corners, uniq_terence, uniq_natasha
D:3:      layout_rooms, mainiacjoe_overflow_boulevard,
          nicolae_ru_the_path_less_chosen
D:4:      layout_loops_cross, mainiacjoe_overflow_cross_hatched,
          elyvilon_altar_5, minmay_temple_entry_gardened_gates
D:5:      layout_gridville, lemuel_doored_altar, uniq_grinder, uniq_menkaure
D:6:      layout_basic, mainiacjoe_overflow_paths, uniq_duvessa
Temple:   nicolae_temple_godzebo

Skill      XL: |  1  2  3  4  5  6  7  8 |
---------------+-------------------------+-----
Ranged Weapons | 6 7 8 9 10 12 | 12.2
Fighting       | 2 3 |  3.0
Armour         | 1 |  1.9
Dodging        | 3 |  3.7
Invocations    | 1 |  1.9
Stealth        | |  1.2

Action                     |  1- 3 |  4- 6 |  7- 9 || total
---------------------------+-------+-------+-------++-------
   Fire: Shortbow          |    95 |   215 |   177 ||   487
 Invoke: Heroism           |       |       |     5 ||     5
    Use: Scroll            |     3 |     7 |     1 ||    11
         Potion            |     1 |     4 |       ||     5
 Armour: Leather armour    |     6 |     3 |       ||     9
         Scale mail        |       |    54 |    19 ||    73
  Dodge: Dodged            |    13 |    99 |    86 ||   198

Table legend:
 A = Non-vault XP
 B = Vault XP
 C = Vault XP percentage of total XP
 D = Non-vault monster count
 E = Vault monster count
 F = Vault count percentage of total count
                 A         B        C        D         E       F
            +---------+---------+-------+---------+---------+-------
      Total |    1267 |     545 |  30.1 |     104 |       8 |   7.1
            +---------+---------+-------+---------+---------+-------
        D:1 |      39 |       7 |  15.2 |      25 |       4 |  13.8
        D:2 |      63 |      71 |  53.0 |      22 |       2 |   8.3
        D:3 |      94 |       0 |   0.0 |      22 |       0 |   0.0
        D:4 |     162 |       0 |   0.0 |      11 |       0 |   0.0
        D:5 |     560 |     467 |  45.5 |      11 |       2 |  15.4
        D:6 |     349 |       0 |   0.0 |      13 |       0 |   0.0
            +---------+---------+-------+---------+---------+-------
